 Dungeon Crawl Stone Soup version 0.27.1-33-g824d729ab1 (webtiles) character file.

Game seed: 1487649390407773769

72 Destapler the Shield-Bearer (level 4, -2/40 HPs)
             Began as a Minotaur Fighter on Dec 7, 2021.
             Was a Follower of Okawaru.
             Killed from afar by Ijyb (6 damage)
             ... with a puff of flame
             ... on level 3 of the Dungeon.
             The game lasted 00:02:07 (1630 turns).

Destapler the Shield-Bearer (Minotaur Fighter)      Turns: 1630, Time: 00:02:08

Health: -2/40      AC:  7    Str: 22    XL:     4   Next: 6%
Magic:  3/3        EV:  7    Int:  5    God:    Okawaru [*.....]
Gold:   119        SH:  9    Dex:  9    Spells: 3/3 levels left

rFire    . . .     SeeInvis .   a - +0 war axe
rCold    . . .     Faith    .   c - +0 kite shield
rNeg     . . .     Spirit   .   b - +0 scale mail
rPois    .         Reflect  .   (helmet restricted)
rElec    .         Harm     .   (no cloak)
rCorr    .         Rampage  .   (no gloves)
Will     .....                  (no boots)
Stlth    ..........             (no amulet)
HPRegen  0.13/turn              (no ring)
MPRegen  0.08/turn              (no ring)

@: no status effects
A: horns 2, retaliatory headbutt
a: Renounce Religion, Heroism


You were on level 3 of the Dungeon.
You worshipped Okawaru.
Okawaru was aware of your devotion.
You visited 1 branch of the dungeon, and saw 3 of its levels.

You collected 119 gold pieces.

Inventory:

Hand Weapons
 a - a +0 war axe (weapon)
Missiles
 g - 35 stones (quivered)
Armour
 b - a +0 scale mail (worn)
 c - a +0 kite shield (worn)
Scrolls
 h - a scroll of enchant armour {unknown}
 i - a scroll of enchant weapon {unknown}
 k - a scroll of teleportation {unknown}
Potions
 d - a potion of might
 e - a potion of haste {unknown}
 f - 2 potions of heal wounds {unknown}
 j - a potion of ambrosia {unknown}
 l - a potion of attraction {unknown}


   Skills:
 + Level 4.2 Fighting
 + Level 3.2 Axes
 + Level 0.9 Throwing
 + Level 4.2 Armour
 + Level 4.3 Shields


You had 3 spell levels left.
You didn't know any spells.
Your spell library was empty.

Dungeon Overview and Level Annotations

Branches:
Dungeon (3/15)

Altars:
Okawaru

Annotations:
D:3 Ijyb


Innate Abilities, Weirdness & Mutations

You have a pair of horns on your head.
You reflexively headbutt those who attack you in melee.


Message History

Ijyb is wielding a +0 club and carrying a wand of flame (23).
Ijyb shouts!
Ijyb zaps a wand.
The puff of flame hits you.
You throw a stone. The stone hits the endoplasm.
The endoplasm is lightly wounded.
Ijyb zaps a wand.
The puff of flame hits you!
There is a stone staircase leading up here.
You throw a stone. The stone hits the endoplasm.
The endoplasm is moderately wounded.
You hit the endoplasm but do no damage. Your headbutt misses the endoplasm.
The endoplasm is moderately wounded.
You block the endoplasm's attack.
The endoplasm hits you but does no damage.
You hit the endoplasm. You headbutt the endoplasm.
You kill the endoplasm!
Okawaru accepts your kill.
Ijyb zaps a wand.
The puff of flame hits you!
You hit Ijyb but do no damage. You headbutt Ijyb.
Ijyb is lightly wounded.
Ijyb screams, "You nasty!
Big nasty!"
Ijyb zaps a wand.
The puff of flame hits you!
* * * LOW HITPOINT WARNING * * *
You slash Ijyb!
Ijyb is severely wounded.
Ijyb hits you with a +0 club.
* * * LOW HITPOINT WARNING * * *
Ijyb barely misses you.
You miss Ijyb.
Ijyb is severely wounded.
You block Ijyb's attack.
Ijyb zaps a wand.
The puff of flame hits you.
* * * LOW HITPOINT WARNING * * *
You are too injured to fight recklessly!
You barely miss Ijyb.
Ijyb is severely wounded.
Ijyb hits you with a +0 club.
* * * LOW HITPOINT WARNING * * *
You hit Ijyb. Your headbutt misses Ijyb.
Ijyb is almost dead.
Ijyb zaps a wand.
The puff of flame hits you.
You die...

#.)##<# #.....#
##.#### #.# +#
#.### ... #...##
..g. ###..## .....
#####..<####......
.........@g.'......
######...####......
#..## ..... #.##
.... #.# ... #.# +#
#.


You could see Ijyb.

Vanquished Creatures
  2 adders (D:2)
  A dart slug (D:1)
  6 endoplasms
  2 giant cockroaches
  3 goblins (D:1)
  8 hobgoblins
  4 jackals (D:1)
  2 quokkas
  4 ball pythons (D:1)
  2 bats (D:1)
  3 frilled lizards
  5 kobolds
  4 rats
46 creatures vanquished.

Notes
Turn   | Place    | Note
-------+----------+-------------------------------------------
     0 | D:1      | Destapler the Minotaur Fighter began the quest for the Orb.
     0 | D:1      | Reached XP level 1. HP: 19/19 MP: 0/0
   114 | D:1      | Reached XP level 2. HP: 17/27 MP: 1/1
   395 | D:1      | Found a faded altar of an unknown god.
   406 | D:1      | Became a worshipper of Warmaster Okawaru
   406 | D:1      | Reached * piety under Okawaru
   594 | D:1      | Reached XP level 3. HP: 28/33 MP: 2/2
  1511 | D:2      | Reached XP level 4. HP: 40/40 MP: 3/3
  1617 | D:3      | Noticed Ijyb
  1630 | D:3      | Killed from afar by Ijyb

Illustrated notes

Levels and vault maps discovered:
D:1:      elethiomel_arrival_quiet, layout_rooms,
          shapermc_ecumenical_altar_notcrosses, nrook_uturn, hex_intersection,
          hex_tiny, minmay_surrounded
D:2:      layout_basic, palyth_stone_intersect
D:3:      layout_loops_corners, uniq_ijyb

Skill      XL: |  1  2  3 |
---------------+----------+-----
Shields        | 4 |  4.3
Armour         | 4 |  4.2
Fighting       | 4 |  4.2
Axes           | 3 |  3.2
Throwing       | |  0.9

Action                   |  1- 3 |  4- 6 || total
-------------------------+-------+-------++-------
Melee: War axe           |    97 |    10 ||   107
       Headbutt          |    12 |     2 ||    14
Throw: Stone             |       |     2 ||     2
Armor: Scale mail        |    49 |     2 ||    51
Dodge: Dodged            |    22 |     2 ||    24
Block: Kite shield       |    54 |     2 ||    56
